 Dungeon Crawl Stone Soup version 0.28.0 (webtiles) character file.

Game seed: 15947323526345810833

45 pilgrimgrey the Chopper (level 3, -1/43 HPs)
             Began as a Demonspawn Berserker on Feb 18, 2022.
             Was a Believer of Trog.
             Slain by an orc (4 damage)
             ... on level 3 of the Dungeon.
             The game lasted 00:13:59 (2196 turns).

pilgrimgrey the Chopper (Demonspawn Berserker)      Turns: 2196, Time: 00:14:00

Health: -1/43      AC: 21    Str: 19    XL:     3   Next: 42%
Magic:  3/3        EV:  2    Int:  8    God:    Trog [**....]
Gold:   40         SH:  5    Dex: 12    Spells: 2/2 levels left

rFire   . . .      SeeInvis .   a - +0 hand axe
rCold   . . .      Faith    .   (no shield)
rNeg    . . .      Spirit   .   (armour currently unavailable)
rPois   +          Reflect  +   (helmet currently unavailable)
rElec   .          Harm     .   (cloak currently unavailable)
rCorr   .          Rampage  .   (gloves currently unavailable)
Will    .....      NoTele   +   (boots currently unavailable)
Stlth   +.........              e - amulet of reflection
HPRegen 0.14/turn               (no ring)
MPRegen 0.08/turn               (no ring)

@: tree-form
A: stationary, stasis, torment immunity, boosted hp, rugged brown scales 1,
powered by death 1
a: Renounce Religion, Berserk, Trog's Hand


You were on level 3 of the Dungeon.
You worshipped Trog.
Trog was pleased with you.
You were a tree.
You visited 1 branch of the dungeon, and saw 3 of its levels.

You collected 40 gold pieces.

Inventory:

Hand Weapons
 a - a +0 hand axe (weapon)
 i - a +2 dagger of venom
Missiles
 c - 28 stones (quivered)
 d - 3 poisoned darts
Armour
 b - a +0 animal skin (melded)
Jewellery
 e - an amulet of reflection (around neck)
Scrolls
 f - a scroll of identify
Potions
 h - a potion of ambrosia {unknown}


   Skills:
 + Level 3.4 Fighting
 * Level 3.5 Axes
 + Level 1.8 Armour
 + Level 2.0 Dodging
 + Level 0.2 Stealth


You had 2 spell levels left.
You didn't know any spells.
Your spell library contained the following spells:

 Spells                   Type           Power      Damage    Failure   Level
 Animate Skeleton         Necr           0%         N/A       41%         1
 Apportation              Tloc           0%         N/A       41%         1
 Summon Small Mammal      Summ           0%         N/A       41%         1


Dungeon Overview and Level Annotations

Branches:
Dungeon (3/15)

Altars:
Makhleb

Annotations:
D:2 Sigmund


Innate Abilities, Weirdness & Mutations

You are a tree.
Your roots penetrate the ground, keeping you stationary.
You cannot be teleported.
You are immune to unholy pain and torment.
Your maximum health is greatly increased.
Your equipment is partially melded.
(You are partially covered in rugged brown scales. (AC +1, +3% HP))
You regenerate a little health from kills.


Message History

You bump into the rock wall.
The orc closely misses you.
You hear some strange, mumbled words.
A magic dart appears from out of thin air!
The magic dart hits you.
* * * LOW HITPOINT WARNING * * *
The orc barely misses you.
You miss the orc.
The orc is severely wounded.
You barely miss something.
An orc wizard appears from thin air!
Reactivating autopickup.
The orc misses you.
The orc wizard mumbles some strange words.
The orc wizard flickers and vanishes!
Deactivating autopickup; reactivate with Ctrl-A.
The orc hits you from afar with a +0 trident.
* * * LOW HITPOINT WARNING * * *
You bump into the rock wall.
Unknown command.
You hear some strange, mumbled words.
You are more confused.
You're too confused to move!
You feel less confused. Something hits you.
* * * LOW HITPOINT WARNING * * *
Okay, then.
It was a potion of lignification.
You turn into a tree.
Your +0 animal skin melds into your body.
Your roots penetrate the ground.
Something hits you but does no damage.
You cannot move.
You cannot move.
You cannot move.
You cannot move.
You cannot move.
Unknown command.
Something hits you but does no damage.
The orc hits you from afar with a +0 trident.
* * * LOW HITPOINT WARNING * * *
The orc hits you but does no damage. Something hits you but does no damage.
The orc hits you from afar with a +0 trident.
You die...

............###.o#
.##........## ##o###
..........## #o)o#
........#.>## ###.#
..##.....#..###...#
#..#......##.###
.....#.##....#o#
.###...###...o.######
###.....♣#.##....#
#....#.o.##....#
..###...####..#....#
#.....>.#####......#
...###....# ###....#
....##..#.# #....#
..##.#.# #....#
..#...### #....#
#.#.....# ######


You could see 3 orcs.

Vanquished Creatures
  An adder (D:3)
  A dart slug (D:1)
  An orc (D:3)
  6 bats
  An endoplasm (D:2)
  2 giant cockroaches (D:1)
  4 goblins
  5 hobgoblins
  4 ball pythons
  2 frilled lizards (D:1)
  3 kobolds
  A rat (D:1)
31 creatures vanquished.

Notes
Turn   | Place    | Note
-------+----------+-------------------------------------------
     0 | D:1      | pilgrimgrey the Demonspawn Berserker began the quest for
                  | the Orb.
     0 | D:1      | Reached XP level 1. HP: 18/18 MP: 1/1
     3 | D:1      | Noticed an electric eel
     3 | D:1      | Noticed an electric eel
   350 | D:1      | Gained mutation: You regenerate a little health from kills.
                  | [demonic ancestry]
   350 | D:1      | Reached XP level 2. HP: 20/24 MP: 2/2
  1446 | D:2      | Noticed Sigmund
  1758 | D:2      | Gained mutation: You are partially covered in rugged brown
                  | scales. (AC +1, +3% HP) [demonic ancestry]
  1758 | D:2      | Reached XP level 3. HP: 24/29 MP: 3/3
  1960 | D:3      | Reached ** piety under Trog
  2108 | D:3      | Found a burning altar of Makhleb.
  2195 | D:3      | HP: 2/43 [orc (1)]
  2196 | D:3      | Slain by an orc

Illustrated notes

Levels and vault maps discovered:
D:1:      arrival_aquarium_b, layout_basic, chequers_serial_rivers_micro_b
D:2:      layout_basic, basic_altar, uniq_sigmund
D:3:      layout_rooms, lemuel_tele_altar, minmay_goblin_kobold_house,
          uniq_grinder, uniq_crazy_yiuf_cottage, uniq_ijyb

Skill      XL: |  1  2 |
---------------+-------+-----
Axes           | 3 |  3.5
Dodging        | 2 |  2.0
Fighting       | |  3.4
Armour         | |  1.8
Stealth        | |  0.2

Action                   || total
-------------------------++-------
Melee: Hand axe          ||    95
Throw: Stone             ||    22
  Use: Scroll            ||     3
       Potion            ||     2
Armor: Animal skin       ||    18
       Skin              ||     4
Dodge: Dodged            ||    52
Block: Other             ||    16
